 Seeded DCSS version 0.25.1-1-g288607f (webtiles) character file.

Game seed: 52130860095 (custom seed)

392 MercyWheel the Sneak (level 6, -8/36 HPs)
             Began as an Octopode Enchanter on Oct 9, 2020.
             Mangled by a wraith (12 damage)
             ... in an ossuary on Oct 10, 2020.
             The game lasted 00:13:58 (4371 turns).

MercyWheel the Sneak (Octopode Enchanter)           Turns: 4371, Time: 00:13:59

Health: -8/36      AC:  1    Str:  7    XL:     6   Next: 80%
Magic:  9/9        EV: 13    Int: 19    God:
Gold:   227        SH:  0    Dex: 13    Spells: 3/9 levels left

rFire    . . .     SeeInvis .   a - +1 dagger
rCold    . . .     Gourm    .   (no shield)
rNeg     . . .     Faith    .   (helmet restricted)
rPois    .         Spirit   .   o - amulet of magic regeneration
rElec    .         Reflect  .   (no ring)
rCorr    .         Harm     .   (no ring)
MR       .....                  (no ring)
Stlth    ++++......             (no ring)
HPRegen  0.12/turn              (no ring)
MPRegen  0.36/turn              (no ring)
                                (no ring)
                                (no ring)

@: lightly drained
A: almost no armour, stealthy swim, amphibious, 8 rings, constrict 8, camouflage
1, gelatinous body 1
a: no special abilities


You were in an ossuary.
You were not hungry.

You visited 1 branch of the dungeon, and saw 5 of its levels.
You also visited: Ossuary.

You collected 227 gold pieces.

Inventory:

Hand Weapons
 a - a +1 dagger (weapon)
Jewellery
 o - an amulet of magic regeneration (around mantle)
 p - an uncursed amulet of the acrobat
Wands
 t - a wand of disintegration (9)
 w - a wand of flame (16)
Scrolls
 b - 3 scrolls of identify
 d - a scroll of enchant armour {unknown}
 e - a scroll of noise {unknown}
 f - 5 scrolls of teleportation {unknown}
 h - a scroll of amnesia
 k - 2 scrolls of fog {unknown}
 l - a scroll of magic mapping {unknown}
 m - a scroll of remove curse
 n - 3 scrolls of fear {unknown}
 q - 3 scrolls of immolation {unknown}
 x - a scroll of enchant weapon {unknown}
Potions
 i - a potion of ambrosia
 j - a potion of might {unknown}
 r - 2 potions of curing {unknown}
 s - a potion of invisibility {unknown}
 u - a potion of resistance {unknown}
 v - a potion of flight
Comestibles
 c - 3 rations


   Skills:
 * Level 3.0(2.8) Short Blades
 - Level 2.0(1.8) Dodging
 - Level 6.0(5.8) Stealth
 - Level 2.0(1.8) Spellcasting
 - Level 6.0(5.8) Hexes


You had 3 spell levels left.
You knew the following spells:

 Your Spells              Type           Power        Failure   Level  Hunger
a - Corona                Hex            ###....      1%          1    #......
b - Ensorcelled Hibernat  Hex/Ice        ##....       8%          2    ###....
c - Confusing Touch       Hex            ###.....     4%          3    ###....

Your spell library contained the following spells:

 Spells                   Type           Power        Failure   Level  Hunger
 Tukima's Dance           Hex            ###.....     4%          3    ###....
 Dazzling Flash           Conj/Hex       ##....       16%         3    ###....
 Inner Flame              Hex/Fire       ##......     16%         3    ###....
 Foxfire                  Conj/Fire      #...         17%         1    #......
 Conjure Flame            Conj/Fire      #.......     45%         3    ###....
 Sticky Flame             Conj/Fire      #.......     86%         4    #####..
 Fireball                 Conj/Fire      #.........   99%         5    ######.


Dungeon Overview and Level Annotations

Branches:
Dungeon (5/15)            Ossuary (1/1)
 Temple: D:4-7

Altars:
Okawaru
Qazlal

Annotations:
D:4 exclusion: downstairs


Innate Abilities, Weirdness & Mutations

You cannot wear most types of armour.
You are very stealthy in the water. (Stealth+)
You are amphibious.
You can wear up to eight rings at the same time.
You can use your tentacles to constrict eight enemies at once.
Your skin changes colour to match your surroundings (Stealth+).
Your rubbery body absorbs attacks. (AC +1, EV +1)


Message History

You open the door.
A wraith comes into view.
There is an open door here.
The helpless wraith fails to defend itself.
You hit the wraith but do no damage. Your squeeze misses the wraith.
The wraith hits you!
You hit the wraith but do no damage. The wraith hits you!
* * * LOW HITPOINT WARNING * * *
The wraith drains your vigour!
You feel yourself slow down.
You hit the wraith but do no damage. The wraith barely misses you.
The wraith hits you.
* * * LOW HITPOINT WARNING * * *
The wraith drains your vigour!
You feel as though you will be slow longer.
It was a potion of cancellation.
Your magical effects are unravelling.
You feel magically purged.
You feel yourself speed up.
Your tentacles stop glowing.
The wraith hits you!
You die...

########## .........#
#W.# z# #.#@# ##..###.#
### ######## ........#
#W# #.....##
?!..###.###▓#####.8.8.##
!? #.'.....'.......'.
??..###.###▓#####.8.8.##
........# #z# #.....##
##..###.# ### ######## #
#.#.#


You could see a wraith.

Vanquished Creatures
  Sigmund (D:2)
  A wight (Ossuary)
  A hound (D:2)
  2 worker ants
  An ooze (D:1)
  2 adder zombies (Ossuary)
  4 worms
  3 dart slugs
  6 leopard geckos
  2 orcs
  A ball python (D:1)
  8 bats
  2 giant cockroaches
  14 goblins
  12 hobgoblins
  3 jackals (D:3)
  10 kobolds
  A quokka (D:3)
  3 frilled lizards
  2 goblin zombies (D:5)
  A hobgoblin skeleton (Ossuary)
  A hobgoblin zombie (Ossuary)
  A kobold zombie (Ossuary)
  2 orc skeletons (Ossuary)
  3 orc zombies (Ossuary)
  6 rats
93 creatures vanquished.

Notes
Turn   | Place    | Note
-------+----------+-------------------------------------------
     0 | D:1      | MercyWheel the Octopode Enchanter began the quest for the
                  | Orb.
     0 | D:1      | Reached XP level 1. HP: 11/11 MP: 3/3
   148 | D:1      | Reached XP level 2. HP: 8/17 MP: 1/5
   374 | D:1      | Learned a level 2 spell: Ensorcelled Hibernation
   654 | D:1      | Reached XP level 3. HP: 21/21 MP: 6/6
   981 | D:2      | Reached XP level 4. HP: 21/27 MP: 2/7
  1142 | D:2      | Found a stormy altar of Qazlal.
  1164 | D:2      | Noticed Sigmund
  1189 | D:2      | Killed Sigmund
  1189 | D:2      | Reached skill level 5 in Stealth
  1189 | D:2      | Reached skill level 5 in Hexes
  1189 | D:2      | Reached XP level 5. HP: 31/31 MP: 4/8
  1401 | D:2      | Reached XP level 6. HP: 36/36 MP: 9/9
  3027 | D:3      | Learned a level 3 spell: Confusing Touch
  3487 | D:4      | Found an iron altar of Okawaru.
  3910 | D:5      | Entered Level 5 of the Dungeon
  4018 | D:5      | Noticed a phantom
  4088 | D:5      | Found a sand-covered staircase.
  4105 | Ossuary  | Entered an ossuary
  4257 | Ossuary  | Noticed a wraith
  4257 | Ossuary  | Noticed a flying skull
  4360 | Ossuary  | Noticed a flying skull
  4366 | Ossuary  | Noticed a wraith
  4371 | Ossuary  | Mangled by a wraith

Illustrated notes

Levels and vault maps discovered:
D:1:      psy_arrival_radial01, layout_loops_ring, chequers_jeans
D:2:      cheibrodos_greedy_goblins, layout_basic, old_standard_altar,
          first_ration, uniq_sigmund
D:3:      layout_loops_cross, serial_bayou, serial_bayou_pond_e,
          serial_bayou_pond_d, serial_bayou_shore_a, serial_bayou_pond_c,
          minmay_cut_off
D:4:      layout_loops_ring, okawaru_ov_weapons_minmay
D:5:      layout_rooms, nicolae_gozag_zags_fifth_avenue, enter_ossuary_4,
          hangedman_decor_opposing
Ossuary:  ossuary_due_cavern

Skill      XL: |  1  2  3  4  5  6 |
---------------+-------------------+-----
Hexes          | 4 5 6 |  6.0
Stealth        | 5 6 |  6.0
Short Blades   | 3 |  3.0
Dodging        | |  2.0
Spellcasting   | |  2.0

Action                   |  1- 3 |  4- 6 || total
-------------------------+-------+-------++-------
Melee: Dagger            |    50 |   171 ||   221
       Constrict         |     9 |    31 ||    40
       Tentacles         |     5 |    23 ||    28
 Cast: Corona            |     5 |     3 ||     8
       Ensorcelled Hiber |     4 |    11 ||    15
       Confusing Touch   |       |     2 ||     2
  Use: Potion            |       |     3 ||     3
       Scroll            |       |     3 ||     3
 Stab: Sleeping          |    12 |    26 ||    38
       Distracted        |     1 |       ||     1
       Confused          |       |     1 ||     1
  Eat: Chunk             |       |    12 ||    12
Armor: Skin              |     6 |    15 ||    21
Dodge: Dodged            |    28 |    92 ||   120
